AoeStats
← Chiripa605

Nomad

510296144Analyzed
4v4 RM · 11h ago on Sep 30, 2026· 23m 53s· 8 players
Game mode
Random Map
Map size
231×231
Population
200
Speed
Normal
Resources
Standard
Victory
Conquest
Starting age
Dark Age
Ending age
Imperial Age
RankedLock teamsTeams togetherTeam positionsShared explorationLock speedFull tech treeHidden civsTurbo modeCheats
Victory
Defeat
🇳🇱 Persians · Netherlands
1512
+22
🇺🇸 Malians · United States
1463
+23
🇨🇳 Persians · China
1448
+24
🇻🇳 Spanish · Vietnam
1445
+24
🇨🇳 Japanese · China
1699
-26
🇵🇹 Mongols · Portugal
1624
-23
🇭🇰 Tupi · Hong Kong SAR China
1610
-22
🇮🇳 Inca · India
1603
-22
FROSTMODEL
5:24 Loom
12:20 Feudal Age
12:59 Town Watch
15:54 Castle Age
21:50 Fletching
Sakmelo
5:34 Loom
14:21 Feudal Age
18:03 Castle Age
17:30 Double-Bit Axe
18:02 Town Watch
19:34 Gold Mining
19:35 Fletching
小白
4:41 Loom
13:51 Feudal Age
14:49 Double-Bit Axe
17:38 Castle Age
16:29 Gold Mining
17:54 Fletching
18:29 Bow Saw
18:44 Bloodlines
18:34 Husbandry
19:54 Bodkin Arrow
21:52 Ballistics
22:17 Padded Archer Armor
The Sage
9:12 Loom
14:18 Feudal Age
15:06 Double-Bit Axe
19:33 Forging
20:13 Gold Mining
25:21 Castle Age
24:04 Horse Collar
Wolfie
8:18 Loom
12:30 Feudal Age
16:49 Castle Age
17:47 Fletching
18:56 Bodkin Arrow
22:56 Wheelbarrow
Chiripa605
4:43 Loom
13:44 Feudal Age
14:11 Double-Bit Axe
19:57 Castle Age
18:56 Fishing Lines
20:54 Medium Warships
20:58 Bow Saw
21:59 Fletching
24:56 Wheelbarrow
TakEru
4:45 Loom
13:44 Feudal Age
16:54 Wheelbarrow
20:26 Castle Age
hoot
6:35 Loom
15:21 Feudal Age
16:07 Fishing Lines
16:14 Double-Bit Axe
16:23 Gold Mining
19:34 Castle Age
20:25 Medium Warships
20:53 Bow Saw
22:33 Clinker Construction
23:54 Wheelbarrow
23:05 Town Watch
Connection lost

Rejoining the realm…

Still unreachable

The connection could not be restored.

Session expired

The server has moved on; the page needs a fresh start.